 Seeded DCSS version 0.29.0-4-gdea44cf6ec (webtiles) character file.

Game seed: 17428681369516740799 (custom seed)

793 NinjaNoafa the Trooper (level 7, -1/61 HPs)
             Began as a Hill Orc Monk on Aug 26, 2022.
             Was a Believer of Sif Muna.
             Slain by an ogre
             ... wielding a +0 giant club
              (22 damage)
             ... on level 5 of the Dungeon.
             The game lasted 00:14:54 (4681 turns).

NinjaNoafa the Trooper (Hill Orc Monk)              Turns: 4681, Time: 00:14:56

Health: -1/61      AC:  6    Str: 14    XL:     7   Next: 88%
Magic:  0/8        EV: 12    Int: 12    God:    Sif Muna [**....]
Gold:   213        SH:  0    Dex: 13    Spells: 7/8 levels left

rFire   . . .      SeeInvis +   e - +2 dagger (venom)
rCold   . . .      Faith    .   (no shield)
rNeg    . . .      Spirit   .   b - +0 robe
rPois   .          Reflect  .   a - +0 helmet
rElec   .          Harm     .   m - +2 cloak
rCorr   .          Rampage  .   (no gloves)
Will    .....                   (no boots)
Stlth   ++........              (no amulet)
HPRegen 0.20/turn               k - ring of see invisible
MPRegen 0.11/turn               (no ring)

@: no status effects
A: no striking features
a: Renounce Religion, Channel Magic


You were on level 5 of the Dungeon.
You worshipped Sif Muna.
Sif Muna was pleased with you.
You visited 1 branch of the dungeon, and saw 5 of its levels.

You collected 213 gold pieces.

Inventory:

Hand Weapons
 e - a +2 dagger of venom (weapon)
Missiles
 g - 41 stones
 n - 8 poisoned darts
Armour
 a - a +0 helmet (worn)
 b - a +0 robe (worn)
 h - a +0 cloak of stealth
 m - a +2 cloak (worn)
Jewellery
 k - a ring of see invisible (left hand)
Wands
 c - a wand of polymorph (16)
 p - a wand of iceblast (12)
Scrolls
 d - a scroll of blinking
 i - 3 scrolls of fear
 j - a scroll of magic mapping
 l - 3 scrolls of identify
 q - a scroll of teleportation
Potions
 f - a potion of attraction
 o - a potion of berserk rage {unknown}
 r - a potion of lignification {unknown}


   Skills:
 - Level 5.0 Fighting
 - Level 0.7 Short Blades
 - Level 4.0 Axes
 - Level 2.4 Dodging
 - Level 1.5 Stealth
 - Level 1.0 Spellcasting
 - Level 4.0 Conjurations
 + Level 2.6 Transmutations
 - Level 5.0 Earth Magic


You had 7 spell levels left.
You knew the following spells:

 Your Spells              Type           Power      Damage    Failure   Level
a - Sandblast             Erth           24%        2d8       3%          1

Your spell library contained the following spells:

 Spells                   Type           Power      Damage    Failure   Level
 Beastly Appendage        Tmut           14%        N/A       10%         1
 Passwall                 Tmut/Erth      7%         N/A       10%         2
 Stone Arrow              Conj/Erth      22%        3d8       14%         3
 Wereblood                Tmut           7%         N/A       16%         2
 Slow                     Hex            0%         N/A       30%         1
 Confusing Touch          Hex            0%         N/A       65%         3
 Ozocubu's Armour         Ice            0%         N/A       65%         3
 Vampiric Draining        Necr           0%         2d6       65%         3
 Metabolic Englaciation   Hex/Ice        0%         N/A       100%        5
 Simulacrum               Ice/Necr       0%         N/A       100%        6
 Borgnjor's Revivificati  Necr           0%         N/A       100%        8
 Infestation              Necr           0%         N/A       100%        8


Dungeon Overview and Level Annotations

Branches:
Dungeon (5/15)             Temple (0/1) D:5

Altars:
Dithmenos
Sif Muna

Shops:
D:2 :   D:3 [


Message History

The ice beast hits you. The ice beast freezes you.
You hit the ice beast but do no damage.
The ice beast is poisoned.
The ice beast is lightly wounded.
The ice beast barely misses you.
You hit the ice beast but do no damage.
The ice beast looks as sick as possible!
The ice beast is lightly wounded.
The ice beast hits you but does no damage.
You hit the ice beast but do no damage.
The ice beast is moderately wounded.
The ice beast hits you. The ice beast freezes you!
The blast of sand hits the ice beast but does no damage.
The ice beast is heavily wounded.
The ice beast hits you but does no damage.
You closely miss the ice beast.
The ice beast is severely wounded.
The ice beast closely misses you.
You hit the ice beast.
The ice beast looks as sick as possible!
The ice beast is almost dead.
The ice beast closely misses you.
You hit the ice beast but do no damage.
The ice beast is almost dead.
The ice beast closely misses you.
You hit the ice beast.
You kill the ice beast!
Sif Muna accepts your kill.
You barely miss the ogre. Your punch misses the ogre.
The ogre barely misses you.
You hit the ogre but do no damage.
The ogre is poisoned.
The ogre hits you with a +0 giant club!
Casting: Sandblast (safe; 3% risk of failure)
Confirm with . or Enter, or press ? or * to list all spells.
Aiming: Sandblast (safe; 3% risk of failure)
Press: ? - help, Shift-Dir - straight line, f - ogre
Aim: an ogre, wielding a +0 giant club (moderately wounded, very poisoned, 91% to hit)
The blast of sand hits the ogre but does no damage.
The ogre is moderately wounded.
The ogre hits you with a +0 giant club!!
You die...

##'##.#).......
#.##...###...
#.####...### #
##.## #O....#.#
##...###Y.......
#.....##.o....#.
##...###........
##.###.####....[###
#.....@Oo).)..###
##.###.######## #.#
#<# #.# #.# #.# #.#
#.#


You could see an ogre (very poisoned) and an orc.

Vanquished Creatures
  Sigmund (D:2)
  An ice beast (D:5)
  A phantom (D:4)
  A necrophage (D:4)
  A bullfrog (D:4)
  A scorpion (D:4)
  Crazy Yiuf (D:4)
  An orc priest (D:4)
  Terence (D:3)
  Natasha (thrice) (D:4)
  An orc wizard (D:5)
  4 adders
  3 worms
  A dart slug (D:3)
  8 orcs
  5 ball pythons
  3 bats (D:3)
  5 endoplasms
  3 giant cockroaches
  4 goblins
  4 hobgoblins
  10 kobolds
  4 quokkas
  4 frilled lizards
  5 rats
76 creatures vanquished.

Vanquished Creatures (others)
  A hobgoblin (D:3)
  A fungus (D:4)
2 creatures vanquished.

Grand Total: 78 creatures vanquished

Notes
Turn   | Place    | Note
-------+----------+-------------------------------------------
     0 | D:1      | NinjaNoafa the Hill Orc Monk began the quest for the Orb.
     0 | D:1      | Reached XP level 1. HP: 19/19 MP: 1/1
   345 | D:1      | Reached XP level 2. HP: 22/27 MP: 2/2
   690 | D:1      | Found a faded altar of an unknown god.
  1000 | D:2      | Found Gequmn's Book Shop.
  1004 | D:2      | Noticed Sigmund
  1073 | D:2      | Reached skill level 5 in Fighting
  1073 | D:2      | Reached XP level 3. HP: 36/36 MP: 3/3
  1168 | D:2      | Killed Sigmund
  1169 | D:2      | Reached skill level 1 in Spellcasting
  1169 | D:2      | Reached XP level 4. HP: 42/42 MP: 3/5
  1169 | D:2      | Reached XP level 5. HP: 48/48 MP: 3/6
  1404 | D:2      | Learned a level 1 spell: Sandblast
  1917 | D:3      | Found Cadef's Antique Armour Emporium.
  1941 | D:3      | Got the Guide on Transmuted Black Mysteries
  2188 | D:3      | Reached XP level 6. HP: 30/56 MP: 7/7
  2697 | D:3      | Reached skill level 1 in Conjurations
  2737 | D:3      | Found a shimmering blue altar of Sif Muna.
  2750 | D:3      | Became a worshipper of Sif Muna the Loreminder
  2750 | D:3      | Reached * piety under Sif Muna
  2750 | D:3      | Reached ** piety under Sif Muna
  2782 | D:3      | Noticed Terence
  2807 | D:3      | Killed Terence
  3285 | D:4      | Found a shadowy altar of Dithmenos.
  3466 | D:4      | Noticed Natasha
  3472 | D:4      | Killed Natasha
  3531 | D:4      | Reached skill level 5 in Earth Magic
  3594 | D:4      | Noticed Natasha
  3599 | D:4      | Killed Natasha
  3600 | D:4      | Reached XP level 7. HP: 46/61 MP: 4/8
  3722 | D:4      | Reached skill level 1 in Transmutations
  3970 | D:4      | Found a runed translucent door.
  3971 | D:4      | Noticed Crazy Yiuf
  3985 | D:4      | Killed Crazy Yiuf
  4341 | D:4      | Noticed Natasha
  4348 | D:4      | Killed Natasha
  4622 | D:5      | Entered Level 5 of the Dungeon
  4645 | D:5      | Found a staircase to the Ecumenical Temple.
  4681 | D:5      | Slain by an ogre

Illustrated notes

Levels and vault maps discovered:
D:1:      dpeg_arrival_long_road, layout_rooms,
          shapermc_ecumenical_altar_starsandcircs, chequers_serial_rivers_room_a
D:2:      layout_loops_ring, serial_shops, nicolae_shop_crystal, minmay_tall_x,
          uniq_sigmund
D:3:      layout_loops_ring, mainiacjoe_overflow_paths, serial_shops,
          nicolae_shop_stone, uniq_terence
D:4:      layout_loops_ring, nicolae_dithmenos_shadow_blocks,
          uniq_crazy_yiuf_cottage, uniq_natasha
D:5:      layout_loops_corners, nicolae_qazlal_general_emergency,
          minmay_temple_entry_slanted, biasface_ghost_orc_armoury, serial_glass,
          glass_columns_a, glass_columns_a, uniq_edmund, uniq_prince_ribbit1

Skill      XL: |  1  2  3  4  5  6  7 |
---------------+----------------------+-----
Fighting       | 4 5 |  5.0
Spellcasting   | 1 |  1.0
Earth Magic    | 3 4 5 |  5.0
Conjurations   | 3 4 |  4.0
Transmutations | 2 |  2.6
Short Blades   | |  0.7
Axes           | |  4.0
Dodging        | |  2.4
Stealth        | |  1.5

Action                   |  1- 3 |  4- 6 |  7- 9 || total
-------------------------+-------+-------+-------++-------
Melee: Hand axe          |    28 |       |       ||    28
       Dagger            |    31 |    35 |    24 ||    90
       Unarmed           |       |     3 |       ||     3
 Cast: Sandblast         |       |    68 |    45 ||   113
  Use: Scroll            |     4 |     4 |     1 ||     9
       Potion            |       |     5 |     1 ||     6
 Stab: Sleeping          |     3 |     1 |       ||     4
Armor: Robe              |     9 |    23 |    10 ||    42
       Skin              |       |     1 |       ||     1
Dodge: Dodged            |    54 |    63 |    33 ||   150
